 Seeded DCSS version 0.29-a0-362-g5854e031c7 (webtiles) character file.

Game seed: 999999999999999999 (custom seed)

88 lucidbluej the Chopper (level 4, -4/41 HPs)
             Began as a Minotaur Berserker on Apr 29, 2022.
             Was a Follower of Trog.
             Slain by a gnoll
             ... wielding a +0 halberd
              (8 damage)
             ... on level 2 of the Dungeon.
             The game lasted 00:04:16 (822 turns).

lucidbluej the Chopper (Minotaur Berserker)          Turns: 822, Time: 00:04:17

Health: -4/41      AC:  2    Str: 23    XL:     4   Next: 29%
Magic:  3/3        EV: 12    Int:  4    God:    Trog [*.....]
Gold:   87         SH:  0    Dex: 10    Spells: 3/3 levels left

rFire   . . .      SeeInvis .   a - +0 hand axe
rCold   . . .      Faith    .   (no shield)
rNeg    . . .      Spirit   .   b - +0 animal skin
rPois   .          Reflect  .   (helmet restricted)
rElec   .          Harm     .   k - scarf {repulsion}
rCorr   .          Rampage  .   (no gloves)
Will    .....                   (no boots)
Stlth   +.........              (no amulet)
HPRegen 0.13/turn               (no ring)
MPRegen 0.08/turn               (no ring)

@: repel missiles
A: horns 2, retaliatory headbutt
a: Renounce Religion, Berserk


You were on level 2 of the Dungeon.
You worshipped Trog.
Trog was aware of your devotion.
You visited 1 branch of the dungeon, and saw 2 of its levels.

You collected 87 gold pieces.

Inventory:

Hand Weapons
 a - a +0 hand axe (weapon)
 d - a +0 hunting sling
 e - a +0 dagger
 j - a +0 short sword
 p - a +0 quarterstaff
 u - a +0 club
 v - a +0 club
 w - a +0 hunting sling
 x - a +0 club
Missiles
 q - 38 stones (quivered)
Armour
 b - a +0 animal skin (worn)
 g - a +0 pair of gloves
 h - a +0 pair of boots
 k - a scarf of repulsion (worn)
 n - a +0 kite shield
 t - a +0 leather armour of cold resistance
Jewellery
 f - a ring of willpower
 l - a +4 ring of evasion
Scrolls
 c - 2 scrolls of identify {unknown}
 i - a scroll of teleportation {unknown}
 r - a scroll of noise {unknown}
 s - a scroll of summoning {unknown}
Potions
 m - a potion of curing {unknown}
 o - a potion of berserk rage {unknown}


   Skills:
 + Level 4.8 Fighting
 + Level 4.8 Axes
 + Level 2.7 Armour
 + Level 2.7 Dodging
 + Level 0.1 Stealth


You had 3 spell levels left.
You didn't know any spells.
Your spell library was empty.

Dungeon Overview and Level Annotations

Branches:
Dungeon (2/15)

Altars:

Shops:
D:1 (


Innate Abilities, Weirdness & Mutations

You have a pair of horns on your head.
You reflexively headbutt those who attack you in melee.


Message History

The phantom hits you.
The phantom blinks!
You blink.
Unknown command.
You slash the phantom! Your headbutt misses the phantom.
The phantom is moderately damaged.
The phantom closely misses you. You furiously retaliate!
You headbutt the phantom! You barely miss the phantom.
Your headbutt misses the phantom.
The phantom is heavily damaged.
The phantom closely misses you. You furiously retaliate!
You headbutt the phantom! The phantom hits you.
The phantom blinks!
You blink.
You closely miss the phantom.
The phantom is almost destroyed.
A gnoll comes into view. It is wielding a +0 halberd.
The phantom barely misses you.
The gnoll shouts!
You hit the phantom.
You destroy the phantom!
Trog accepts your kill.
A giant cockroach comes into view.
You have reached level 3!
Your experience leads to an increase in your attributes!
Increase (S)trength, (I)ntelligence, or (D)exterity?
You feel stronger. x2
You have reached level 4!
You feel agile.
Unknown command.
Found a dagger.
A gnoll comes into view. It is wielding a +0 club.
A gnoll comes into view. It is wielding a +0 club.
The gnoll hits you with a +0 halberd!
* * * LOW HITPOINT WARNING * * *
You closely miss the gnoll.
The gnoll shouts! x2
You headbutt the gnoll.
The gnoll is moderately wounded.
The gnoll barely misses you.
You closely miss the gnoll. Your headbutt misses the gnoll.
The gnoll is moderately wounded.
The gnoll hits you with a +0 halberd!
You die...

#### ..... ..... .g..#
.)... .... .. .....###g..
.# ..........# .# # #
..........# .#.#.#
.......g..#####.#.#.#
...B...@............#.
#####......####.#.....
######.................
.............#........###
######...................
######..#$#.##.#.#.#
#..#.#..#...#.#
#####....#..#...#.#
##........#..#...#.#


You could see 3 gnolls and a giant cockroach.

Vanquished Creatures
  A phantom (D:2)
  3 bats (D:1)
  A giant cockroach (D:1)
  4 goblins
  2 hobgoblins
  A frilled lizard (D:1)
  A kobold (D:1)
  A rat (D:1)
14 creatures vanquished.

Notes
Turn   | Place    | Note
-------+----------+-------------------------------------------
     0 | D:1      | lucidbluej the Minotaur Berserker began the quest for the
                  | Orb.
     0 | D:1      | Reached XP level 1. HP: 19/19 MP: 0/0
   143 | D:1      | Found Renidy's Antique Weapon Emporium.
   544 | D:1      | Reached XP level 2. HP: 27/27 MP: 1/1
   806 | D:2      | Noticed a phantom
   817 | D:2      | Killed a phantom
   818 | D:2      | Reached XP level 3. HP: 14/35 MP: 2/2
   818 | D:2      | Reached XP level 4. HP: 17/41 MP: 3/3
   822 | D:2      | Slain by a gnoll

Illustrated notes

Levels and vault maps discovered:
D:1:      lemuel_arrival_broad_hall, layout_loops_ring, serial_shops,
          nicolae_square_shop
D:2:      layout_basic, shapermc_ecumenical_altar_pompeii, uniq_robin

Skill      XL: |  1  2 |
---------------+-------+-----
Axes           | 4 |  4.8
Fighting       | 4 |  4.8
Armour         | |  2.7
Dodging        | |  2.7
Stealth        | |  0.1

Action                   |  1- 3 |  4- 6 || total
-------------------------+-------+-------++-------
Melee: Hand axe          |    19 |     2 ||    21
       Headbutt          |     4 |     1 ||     5
Armor: Animal skin       |     3 |       ||     3
Dodge: Dodged            |    11 |     1 ||    12

Table legend: (Time is in decaauts)
 A = Elapsed time spent in this place.
 B = Non-inter-level travel time spent in this place.
 C = Inter-level travel time spent in this place.
 D = Time resting spent in this place.
 E = Time spent auto-exploring this place.
 F = Levels seen in this place.
 G = Mean time per level.
                   A        B        C        D        E       F      G
               +--------+--------+--------+--------+--------+-----+--------+
         Total |    824 |    647 |    177 |      0 |    523 |   2 |  412.0 |
       Dungeon |    824 |    647 |    177 |      0 |    523 |   2 |  412.0 |
               +--------+--------+--------+--------+--------+-----+--------+

Top non-repeatable levels by time:
     D:1: 754 daAuts
     D:2: 70 daAuts
